Map: Terraform LE (Void)

Players

wabbajack - Winner!

  • Race: Zerg Zerg
  • League: Gold

ale

  • Race: Terran Terran
  • League: Grandmaster

VOD

Have the link to the VOD?

Description

Time

  • Played on: July 21, 2015, 6:34 p.m.
  • Length: 8:07
Show
View Real Time Build Order
Export as new Build Order

wabbajack Zerg - Winner!

Build Orders: Hatch First 

Get SALT Encoding   

  12  0:01  Drone  
  13  0:13  Overlord  
  13  0:18  Drone  
  14  0:25  Extractor  
  14  0:26  Drone  
  15  0:32  Drone  
  15  0:35  Drone  
  17  0:55  Hatchery  
  16  1:00  Extractor  
  16  1:01  Drone x2  
  17  1:07  Drone  
  18  1:21  Spawning Pool  
  17  1:26  Drone, Extractor  
  17  1:31  Drone  
  19  1:40  Drone  
  19  1:49  Evolution Chamber  
  19  1:53  Drone  
  19  2:01  Drone  
  20  2:09  Queen  
  20  2:13  Queen  
  24  2:23  Zerg Melee Weapons Level 1  
  24  2:32  Metabolic Boost  
  24  2:35  Drone  
  24  2:36  Drone  
  26  2:39  Zergling x2  
  26  2:41  Drone  
  28  2:47  Overlord  
  28  2:53  Overlord  
  28  3:00  Pneumatized Carapace  
  28  3:08  Drone  
  28  3:09  Zergling x4  
  30  3:26  Queen  
  31  3:37  Spine Crawler  
  31  3:39  Drone  
  31  3:40  Zergling x12  
  35  3:50  Zergling x6  
  38  4:18  Baneling Nest  
  37  4:30  Overlord x2  
  37  4:36  Roach Warren  
  35  4:42  Zergling x16  
  43  4:53  Zerg Ground Armor Level 1  
  34  5:41  Zergling x2  
  34  5:42  Zergling x12  
  36  5:43  Zergling x2  
  36  5:47  Zergling x10  
  36  5:48  Zergling x4  
  36  5:49  Drone x3  
  46  5:53  Lair  
  45  6:04  Overlord x2  
  45  6:15  Baneling x2  
  45  6:17  Baneling  
  45  6:18  Baneling  
  36  6:48  Zergling x22  
  47  6:56  Overseer  
  47  6:58  Drone  
  44  7:14  Zergling x2  
  44  7:15  Zergling x6  
  36  7:41  Zergling x2  
  36  7:42  Zergling x14  
Show
View Real Time Build Order
Export as new Build Order

ale Terran 

Build Orders:  

Get SALT Encoding   

  12  0:02  SCV  
  13  0:14  SCV  
  13  0:19  Supply Depot  
  14  0:29  SCV  
  15  0:41  SCV  
  16  0:45  Barracks  
  16  0:55  SCV  
  17  1:00  Refinery  
  17  1:03  Refinery  
  17  1:08  SCV  
  18  1:13  Supply Depot  
  18  1:20  SCV  
  19  1:26  Barracks  
  19  1:32  SCV  
  20  1:33  Marine  
  21  1:44  SCV  
  22  1:50  Factory  
  22  2:00  SCV  
  23  2:02  Marine  
  24  2:12  SCV, Marine  
  26  2:20  Marine  
  27  2:24  SCV  
  28  2:30  Marine  
  28  2:34  Factory Reactor  
  29  2:38  Factory  
  29  2:39  SCV  
  29  2:40  Barracks Tech Lab  
  30  2:51  Barracks Tech Lab  
  30  2:52  SCV  
  31  3:09  Supply Depot  
  30  3:28  Marauder  
  30  3:41  Marine  
  30  3:48  Factory Tech Lab  
  31  3:49  Hellion x2, Marine  
  36  3:57  Supply Depot  
  36  3:59  Marauder  
  36  4:02  Command Center  
  36  4:07  Marauder  
  38  4:22  Marine  
  39  4:27  Infernal Pre-Igniter  
  39  4:28  Marine  
  40  4:34  Hellion  
  34  4:40  Marauder  
  34  4:45  Supply Depot  
  36  4:47  Marauder  
  36  4:49  Siege Tank  
  36  4:51  SCV  
  42  5:02  Widow Mine x2  
  46  5:09  Orbital Command  
  33  5:48  SCV  
  34  5:51  SCV  
  35  6:00  SCV  
  35  6:03  SCV  
  37  6:05  Marine x2  
  39  6:12  SCV, Hellion  
  39  6:14  Hellion  
  39  6:15  SCV  
  45  6:24  SCV  
  45  6:27  SCV  
  42  6:36  SCV  
  42  6:39  SCV  
  43  6:41  Marine x2  
  45  6:48  SCV  
  45  6:51  SCV  
  47  6:59  Marine  
  47  7:00  Marauder  
  47  7:01  SCV  
  49  7:03  SCV  
  49  7:05  Hellion  
  49  7:06  Hellion  
  45  7:15  SCV  
  39  7:31  Marine x2  
Tags
 
Add a new tag
Caveats
  • Supply blocks, unpowered buildings, or Contaminate may cause inaccurate times.
  • Supply counts are checked every 10 seconds.